 Dungeon Crawl Stone Soup version 0.30-a0-394-g3e4acdb0ae (webtiles) character file.

Game seed: 6127768187855715841

9933 p00ps00p the Cleaver (level 11, 0/102 HPs)
             Began as a Hill Orc Fighter on Dec 6, 2022.
             Slain by a meliai
             ... wielding a +0 war axe
              (3 damage)
             ... on level 10 of the Dungeon.
             The game lasted 00:20:00 (12211 turns).

p00ps00p the Cleaver (Hill Orc Fighter)            Turns: 12211, Time: 00:20:01

Health: 0/102      AC: 16    Str: 24    XL:     11   Next: 54%
Magic:  11/11      EV:  8    Int:  8    God:
Gold:   624        SH: 12    Dex: 16    Spells: 10/10 levels left

rFire   . . .      SeeInvis +    a - +0 war axe (flame)
rCold   . . .      Faith    .    c - +0 buckler
rNeg    . . .      Spirit   .    g - +2 chain mail
rPois   .          Reflect  +    w - +0 helmet
rElec   .          Harm     .    (no cloak)
rCorr   .          Rampage  .    n - +0 pair of gloves
Will    .....                    (no boots)
Stlth   ..........               u - amulet of reflection
HPRegen 0.37/turn                i - +6 ring of dexterity
MPRegen 0.12/turn                y - ring of see invisible

@: lethally poisoned (0 -> -9)
A: no striking features
a: no special abilities


You were on level 10 of the Dungeon.
You visited 2 branches of the dungeon, and saw 11 of its levels.
You also visited: Sewer.

You collected 789 gold pieces.
You spent 165 gold pieces at shops.

Inventory:

Hand Weapons
 a - a +0 war axe of flaming (weapon)
Missiles
 f - 22 poisoned darts (quivered)
 D - a throwing net
Armour
 c - a +0 buckler (worn)
 g - a +2 chain mail (worn)
 n - a +0 pair of gloves (worn)
 w - a +0 helmet (worn)
Jewellery
 b - a ring of fire
 i - a +6 ring of dexterity (left hand)
 r - a ring of poison resistance
 t - a ring of magical power
 u - an amulet of reflection (around neck)
 y - a ring of see invisible (right hand)
Wands
 v - a wand of digging (8)
 z - a wand of flame (25)
 F - a wand of iceblast (5)
Scrolls
 k - 4 scrolls of butterflies
 l - a scroll of magic mapping
 m - 2 scrolls of teleportation
 s - 2 scrolls of poison
 C - a scroll of amnesia
 L - a scroll of blinking
Potions
 e - 5 potions of invisibility
 h - 5 potions of lignification
 j - 3 potions of resistance
 o - 2 potions of attraction
 p - a potion of haste {unknown}
 q - 3 potions of mutation
 x - 2 potions of magic {unknown}
 A - a potion of brilliance {unknown}
 B - 3 potions of flight
 E - a potion of ambrosia {unknown}
 G - a potion of curing
 H - a potion of heal wounds {unknown}
 I - 3 potions of might
 K - a potion of degeneration {unknown}


   Skills:
 + Level 11.3 Fighting
 + Level 12.0 Axes
 + Level 10.3 Armour
 + Level 10.3 Shields


You had 10 spell levels left.
You didn't know any spells.
Your spell library contained the following spells:

 Spells                   Type           Power      Damage    Failure   Level
 Cigotuvi's Dreadful Rot  Necr/Pois/Air  0%         N/A       99%         2
 Poisonous Vapours        Pois/Air       0%         N/A       99%         2
 Sublimation of Blood     Necr           0%         N/A       99%         2
 Wereblood                Tmut           0%         N/A       99%         2
 Call Canine Familiar     Summ           0%         N/A       100%        3
 Mephitic Cloud           Conj/Pois/Air  0%         N/A       100%        3
 Portal Projectile        Hex/Tloc       0%         N/A       100%        3
 Dispel Undead            Necr           0%         3d6       100%        4
 Leda's Liquefaction      Hex/Erth       0%         N/A       100%        4
 Death Channel            Necr           0%         N/A       100%        6
 Summon Hydra             Summ           0%         N/A       100%        7


Dungeon Overview and Level Annotations

Branches:
Dungeon (10/15)            Temple (1/1) D:7           Sewer (visited)
   Lair: D:8-11         Orc: D:9-12

Altars:
Ashenzari
Cheibriados
Dithmenos
Elyvilon
Fedhas
Hepliaklqana
Kikubaaqudgha
Makhleb
Nemelex Xobeh
Okawaru
Qazlal
Ru
Sif Muna
Trog
Uskayaw
Vehumet
Wu Jian
Xom
Yredelemnul
Zin
The Shining One

Shops:
D:1 *   D:3 =   D:8 =


Message History

The meliai hits you but does no damage. You block the meliai's attack.
You barely miss the meliai.
The meliai is lightly wounded.
You slash the meliai! You burn the meliai. You closely miss the meliai.
The meliai invokes the aid of its god against you.
Something smites you! The meliai hits you with a +0 war axe!
The meliai stings you but does no damage.
The meliai invokes the aid of its god against you.
Something smites you! You block the meliai's attack.
The meliai stings you but does no damage.
You block the meliai's attack. The meliai barely misses you.
The meliai hits you with a +0 war axe!
The meliai stings you but does no damage.
You slash the meliai! You burn the meliai.
The meliai is heavily wounded.
You hit the meliai but do no damage. You slash the meliai! You burn the meliai.
You block the meliai's attack. The meliai closely misses you.
The meliai hits you but does no damage. The meliai barely misses you.
The meliai hits you with a +0 war axe!
The meliai stings you but does no damage.
The meliai calls upon its god to heal the meliai.
The meliai is healed somewhat.
You block the meliai's attack.
The meliai stings you but does no damage.
The meliai hits you with a +0 war axe!
* * * LOW HITPOINT WARNING * * *
The meliai stings you!
* * * LOW HITPOINT WARNING * * *
You are poisoned.
The meliai poisons you!
You completely miss the meliai.
The meliai is severely wounded.
You closely miss the meliai. x2
You feel very sick. You block the meliai's attack.
The meliai stings you but does no damage.
The meliai calls down the wrath of its god upon you.
Something smites you!
* * * LOW HITPOINT WARNING * * *
The meliai hits you with a +0 war axe.
You die...

...# ###...... ....##
...#.. ... ...##.....##
...#. ..###....#.....#
.... #......#.#.....
...# #.##.#....... ...##
#.##.......# ....##
#.##.......###
.....###..##....@y..#
.##.......###...yy..#
.#####.#...#..........#
..#######..............#
....######.#......#...##
.......###.#.....##....#
................## ..##
.............#..## .##
.............#...#


You could see 3 meliai.

Vanquished Creatures
  Erolcha (D:9)
  A two-headed ogre (D:9)
  A gargoyle (D:7)
  An unseen horror (D:7)
  3 hornets
  A slime creature (D:7)
  Sigmund (D:6)
  A vampire (D:8)
  A shadow (D:7)
  6 yaks
  A steam dragon (D:8)
  An acid dragon (D:10)
  An ice beast (D:6)
  A water moccasin (D:8)
  A black bear (D:5)
  6 orc warriors
  8 ogres
  A phantom (D:6)
  5 centaurs
  3 kobold brigands
  2 gnoll sergeants
  2 bullfrogs (D:7)
  5 necrophages
  2 scorpions
  21 wights
  11 killer bees (D:9)
  3 howler monkeys (D:9)
  2 electric eels (D:8)
  4 jellies
  2 orc priests
  2 hounds
  5 gnoll boudas
  5 iguanas
  7 orc wizards
  22 gnolls
  13 adders
  A river rat (Sewer)
  A shadow imp (D:6)
  2 white imps
  An ufetubus (D:5)
  3 dart slugs
  4 worms
  42 orcs
  8 ball pythons
  8 bats
  17 endoplasms
  10 giant cockroaches
  6 goblins
  7 hobgoblins
  A jackal (D:4)
  23 kobolds
  8 quokkas
  6 frilled lizards
  6 rats
307 creatures vanquished.

Vanquished Creatures (others)
  6 fungi (D:7)
  5 plants (D:7)
11 creatures vanquished.

Grand Total: 318 creatures vanquished

Notes
Turn   | Place    | Note
-------+----------+-------------------------------------------
     0 | D:1      | p00ps00p the Hill Orc Fighter began the quest for the Orb.
     0 | D:1      | Reached XP level 1. HP: 19/19 MP: 1/1
    55 | D:1      | Found Deuqyig's Assorted Antiques.
   144 | D:1      | Reached skill level 3 in Axes
   144 | D:1      | Reached XP level 2. HP: 27/27 MP: 2/2
   359 | D:1      | Reached XP level 3. HP: 31/33 MP: 3/3
   919 | D:2      | Reached XP level 4. HP: 38/40 MP: 4/4
  1333 | D:3      | Found a faded altar of an unknown god.
  1389 | D:3      | Reached skill level 4 in Axes
  1411 | D:3      | Found Nuerip's Jewellery Emporium.
  1477 | D:3      | Reached XP level 5. HP: 47/47 MP: 5/5
  1613 | D:4      | Found a broken altar of Ashenzari.
  1629 | D:4      | Found a burning altar of Makhleb.
  2151 | D:4      | Reached skill level 5 in Fighting
  2331 | D:4      | Found an ornate altar of the Wu Jian Council.
  2425 | D:4      | Reached XP level 6. HP: 42/56 MP: 6/6
  2518 | D:4      | Noticed a yak
  2533 | D:4      | Killed a yak
  2534 | D:4      | Reached skill level 5 in Axes
  2534 | D:4      | Reached skill level 5 in Armour
  2534 | D:4      | Reached skill level 5 in Shields
  2534 | D:4      | Reached XP level 7. HP: 26/61 MP: 7/7
  2707 | D:5      | Entered Level 5 of the Dungeon
  2789 | D:5      | Found a glowing drain.
  2803 | Sewer    | Entered a sewer
  2927 | Sewer    | Reached skill level 6 in Axes
  2959 | Sewer    | Found a viscous altar of Jiyva.
  3313 | D:5      | Reached XP level 8. HP: 68/71 MP: 8/8
  3625 | D:5      | Found a shimmering blue altar of Sif Muna.
  3655 | D:5      | Found a glowing golden altar of the Shining One.
  3655 | D:5      | Found a white marble altar of Elyvilon.
  3655 | D:5      | Found a glowing silver altar of Zin.
  3866 | D:6      | Found a hide-covered altar of Uskayaw.
  4009 | D:6      | Reached skill level 7 in Axes
  4170 | D:6      | Noticed Sigmund
  4179 | D:6      | Killed Sigmund
  4183 | D:6      | Reached XP level 9. HP: 16/79 MP: 9/9
  4762 | D:6      | Reached skill level 8 in Axes
  6196 | D:7      | Found a staircase to the Ecumenical Temple.
  6231 | Temple   | Entered the Ecumenical Temple
  6345 | D:7      | Found an ancient bone altar of Kikubaaqudgha.
  6414 | D:7      | Reached skill level 9 in Axes
  6414 | D:7      | Noticed a gargoyle
  6443 | D:7      | Killed a gargoyle
  6743 | D:3      | Bought a ring of see invisible for 165 gold pieces
  6805 | D:7      | Noticed an unseen horror
  6828 | D:7      | Killed an unseen horror
  6829 | D:7      | Reached XP level 10. HP: 72/91 MP: 10/10
  6909 | D:7      | Found a hazy altar of Hepliaklqana.
  7095 | D:7      | Found a stormy altar of Qazlal.
  7441 | D:7      | Reached skill level 10 in Axes
  8096 | D:8      | Reached skill level 10 in Fighting
  9019 | D:8      | Found Fagubuto's Jewellery Shop.
  9119 | D:8      | Found a sparkling altar of Nemelex Xobeh.
  9773 | D:9      | Noticed a two-headed ogre
  9778 | D:9      | Killed a two-headed ogre
  9779 | D:9      | Reached skill level 11 in Axes
  9779 | D:9      | Reached XP level 11. HP: 74/101 MP: 11/11
 10511 | D:9      | Noticed Erolcha
 10520 | D:9      | Killed Erolcha
 10521 | D:9      | Reached skill level 10 in Armour
 10521 | D:9      | Reached skill level 10 in Shields
 11538 | D:10     | Entered Level 10 of the Dungeon
 11614 | D:10     | Found a basalt altar of Yredelemnul.
 11854 | D:10     | Reached skill level 12 in Axes
 12211 | D:10     | HP: 3/102 [meliai/divine providence (14)]
 12211 | D:10     | Slain by a meliai

Illustrated notes

Levels and vault maps discovered:
D:1:      tarquinn_simple_flora_water_a, layout_basic, serial_shops, shop,
          dreamdust_mushroom_princess
D:2:      layout_basic, minmay_circled_x
D:3:      layout_basic, shapermc_ecumenical_altar_notcrosses, serial_shops,
          nicolae_shop_advertising_works [nicolae_subvault_shop_adworks]
D:4:      cheibrodos_barr_body, layout_basic, lemuel_round_altar,
          ashenzari_altar_1, pdpol_wu_jian_five_deadly_venoms
D:5:      layout_basic, good_gods_mini_temple, overflow_temple_1_default,
          gup_sewer_entry_pipe
D:6:      kb_forest_paths, layout_basic,
          nicolae_uskayaw_murder_on_the_dancefloor, minmay_starry_boxes,
          uniq_sigmund
D:7:      kennysheep_seaside_town, layout_cave_pools,
          mainiacjoe_overflow_catch_the_wave,
          nicolae_kikubaaqudgha_miasma_corner, minmay_temple_entry_statues,
          hangedman_decor_growths, kb_rosetta
D:8:      layout_rooms, nemelex_diamond_rough_becter, serial_shops,
          nicolae_diamond_shop, minivault_26, kennysheep_cluttered_room
D:9:      layout_grid_maze, uniq_erolcha
D:10:     layout_cave_pools, mainiacjoe_overflow_small_starburst,
          nicolae_overflow_hidden_temple, kennysheep_decorative_pillar
Temple:   nicolae_temple_colour_theory

Skill      XL: |  1  2  3  4  5  6  7  8  9 10 11 |
---------------+----------------------------------+-----
Axes           | 3 4 5 6 7 9 11 12 | 12.0
Fighting       | 4 5 6 7 9 10 11 | 11.3
Armour         | 4 5 6 8 9 10 | 10.3
Shields        | 4 5 6 8 9 10 | 10.3

Action                   |  1- 3 |  4- 6 |  7- 9 | 10-12 || total
-------------------------+-------+-------+-------+-------++-------
Melee: War axe           |    86 |   164 |   316 |   368 ||   934
Evoke: Wand              |       |       |     1 |     8 ||     9
  Use: Scroll            |     2 |     6 |    10 |     5 ||    23
       Potion            |       |       |     3 |     1 ||     4
 Stab: Invisible         |       |       |     3 |       ||     3
Armor: Scale mail        |     7 |       |       |       ||     7
       Chain mail        |    40 |    91 |   155 |   166 ||   452
Dodge: Dodged            |    39 |    43 |    85 |   128 ||   295
Block: Buckler           |    12 |    75 |   170 |   241 ||   498
       Reflection        |       |       |     2 |    13 ||    15

Table legend: (Time is in decaauts)
 A = Elapsed time spent in this place.
 B = Non-inter-level travel time spent in this place.
 C = Inter-level travel time spent in this place.
 D = Time resting spent in this place.
 E = Time spent auto-exploring this place.
 F = Levels seen in this place.
 G = Mean time per level.
                   A        B        C        D        E       F      G
               +--------+--------+--------+--------+--------+-----+--------+
         Total |  12407 |  11437 |    970 |   1527 |   7751 |  12 | 1033.9 |
       Dungeon |  11989 |  11026 |    963 |   1527 |   7478 |  10 | 1198.9 |
        Temple |     74 |     68 |      6 |      0 |     64 |   1 |   74.0 |
         Sewer |    342 |    342 |      0 |      0 |    209 |   1 |  342.0 |
               +--------+--------+--------+--------+--------+-----+--------+

Top non-repeatable levels by time:
     D:6: 2378 daAuts
     D:9: 1782 daAuts
     D:7: 1643 daAuts
     D:8: 1321 daAuts
     D:4: 1197 daAuts
     D:5: 923 daAuts
     D:2: 747 daAuts
     D:3: 732 daAuts
    D:10: 670 daAuts
     D:1: 591 daAuts
   Sewer: 342 daAuts
  Temple: 74 daAuts
